 Dungeon Crawl Stone Soup version 0.20.0 (webtiles) character file.

373 Danakh the Chopper (level 6, -2/39 HPs)
             Began as a Gargoyle Berserker on June 3, 2017.
             Was a Priest of Trog.
             Slain by a worker ant (7 damage)
             ... on level 4 of the Dungeon.
             The game lasted 00:07:17 (3011 turns).

Danakh the Chopper (Gargoyle Berserker)             Turns: 3011, Time: 00:07:18

Health: -2/39      AC:  4    Str: 22    XL:     6   Next: 72%
Magic:  6/6        EV: 12    Int:  8    God:    Trog [***...]
Gold:   159        SH:  0    Dex:  9    Spells: 5/5 levels left

rFire    . . .     SeeInvis .   a - +0 hand axe
rCold    . . .     Gourm    .   (no shield)
rNeg     + . .     Faith    .   (no armour)
rPois    ∞         Spirit   .   (no helmet)
rElec    +         Reflect  .   (no cloak)
rCorr    .         Harm     .   (no gloves)
MR       .....                  (no boots)
Stlth    +.........             o - amulet of magic regeneration
Regen    0.2/turn               (no ring)
MPRegen  0.2/turn               (no ring)

@: no status effects
A: negative energy resistance 1, electricity resistance, unbreathing,
petrification resistance, rot immunity, AC +4
a: Berserk, Trog's Hand, Burn Spellbooks, Renounce Religion


You were on level 4 of the Dungeon.
You worshipped Trog.
Trog was most pleased with you.
You were not hungry.

You visited 1 branch of the dungeon, and saw 4 of its levels.

You collected 159 gold pieces.

Inventory:

Hand Weapons
 a - a +0 hand axe (weapon)
Armour
 b - a +0 animal skin
 l - a +0 ring mail
 x - a +0 scale mail
Jewellery
 e - an uncursed ring of fire
 o - an amulet of magic regeneration (around neck)
Scrolls
 d - 3 scrolls of remove curse {unknown}
 f - a scroll of identify {unknown}
 h - 2 scrolls of magic mapping {unknown}
 i - 2 scrolls of amnesia {unknown}
 p - a scroll of fog {unknown}
 s - 2 scrolls of fear {unknown}
 v - 2 scrolls of enchant weapon {unknown}
 w - a scroll of random uselessness {unknown}
Potions
 g - a potion of flight {unknown}
 j - a potion of curing {unknown}
 n - a potion of brilliance {unknown}
 q - a potion of agility {unknown}
 r - 2 potions of resistance {unknown}
 u - a potion of heal wounds {unknown}
Comestibles
 c - 3 bread rations
 k - 3 fruits
 m - a meat ration
 t - 2 chunks of flesh


   Skills:
 + Level 4.7 Fighting
 * Level 5.1 Axes
 + Level 4.3 Armour
 - Level 1.5 Dodging


You had 5 spell levels left.
You didn't know any spells.

Dungeon Overview and Level Annotations

Branches:
Dungeon (4/15)
 Temple: D:4-7

Altars:


Innate Abilities, Weirdness & Mutations

You are resistant to torment.
Your stone body is resilient. (AC +4)
You are immune to poison.
You resist negative energy. (rN+)
You are resistant to electric shocks. (rElec)
You can survive without breathing.
You are immune to petrification.
You are immune to rotting.


Message History

The worker ant is moderately wounded.
The worker ant bites you!
* * * LOW HITPOINT WARNING * * *
You hit the worker ant.
The worker ant is heavily wounded.
The worker ant closely misses you. x2
You hit the worker ant.
The worker ant is almost dead.
The worker ant barely misses you.
You hit the worker ant but do no damage.
The worker ant is almost dead.
The worker ant closely misses you.
You completely miss the worker ant.
The worker ant is almost dead.
The worker ant bites you.
* * * LOW HITPOINT WARNING * * *
You hit the worker ant but do no damage.
The worker ant is almost dead.
The worker ant bites you!
You die...

.####. #.##... #.##...
##.#..# #.....# .
#...=.#
....#####.....##########
......a@................
......#...)...##########
....#.....)))....# ...
###...).))##......# .
#.................#
#..................
#....................
....####.............
...# ..............


You could see a worker ant.

Vanquished Creatures
  An ogre (D:4)
  An orc priest (D:4)
  2 orc wizards
  2 worker ants (D:4)
  6 adders
  2 oozes
  3 worms (D:3)
  3 dart slugs
  2 leopard geckos
  8 orcs
  4 giant cockroaches (D:3)
  9 goblins
  7 hobgoblins
  4 quokkas
  6 bats
  6 frilled lizards
  8 kobolds
  A leopard gecko skeleton (D:3)
  5 rats
80 creatures vanquished.

Notes
Turn   | Place    | Note
-------+----------+-------------------------------------------
     0 | D:1      | Danakh the Gargoyle Berserker began the quest for the Orb.
     0 | D:1      | Reached XP level 1. HP: 14/14 MP: 1/1
    91 | D:1      | Reached XP level 2. HP: 10/19 MP: 2/2
   105 | D:1      | Reached skill level 3 in Axes
   676 | D:1      | Reached XP level 3. HP: 21/23 MP: 3/3
   959 | D:1      | Reached ** piety under Trog
  1365 | D:2      | Found a faded altar of an unknown god.
  1445 | D:2      | Reached XP level 4. HP: 20/29 MP: 4/4
  2106 | D:3      | Reached XP level 5. HP: 33/33 MP: 5/5
  2107 | D:3      | Reached *** piety under Trog
  2111 | D:3      | Reached skill level 4 in Axes
  2934 | D:4      | Noticed an ogre
  2940 | D:4      | Reached XP level 6. HP: 39/39 MP: 6/6
  2950 | D:4      | Reached skill level 5 in Axes
  3011 | D:4      | Slain by a worker ant

Skill      XL: |  1  2  3  4  5  6 |
---------------+-------------------+-----
Axes           | 3 4 5 |  5.1
Armour         | 3 4 |  4.3
Fighting       | 4 |  4.7
Dodging        | |  1.5

Action                   |  1- 3 |  4- 6 || total
-------------------------+-------+-------++-------
Melee: Hand axe          |   124 |   179 ||   303
Invok: Berserk           |       |     2 ||     2
  Eat: Chunk             |     2 |     7 ||     9
Armor: Animal skin       |    30 |       ||    30
       Ring mail         |    25 |    88 ||   113
Dodge: Dodged            |    83 |   107 ||   190
